 Dungeon Crawl Stone Soup version 0.29.1-2-gbd0b4ee654 (webtiles) character file.

Game seed: 18340771784808427561

44 Tiocfaidh the Changer (level 4, -3/33 HPs)
             Began as a Meteoran Wanderer on Nov 10, 2022.
             Slain by a gnoll
             ... wielding a +0 club
              (4 damage)
             ... on level 2 of the Dungeon.
             The game lasted 00:06:16 (604 turns).

Tiocfaidh the Changer (Meteoran Wanderer)            Turns: 604, Time: 00:06:16

Health: -3/33      AC:  2    Str: 12    XL:     4   Next: 8%
Magic:  7/7        EV: 12    Int: 14    God:
Gold:   44         SH:  0    Dex: 16    Spells: 5/6 levels left

rFire   . . .      SeeInvis .   a - +0 dagger
rCold   . . .      Faith    .   (no shield)
rNeg    . . .      Spirit   .   c - +0 robe
rPois   .          Reflect  .   (no helmet)
rElec   .          Harm     .   (no cloak)
rCorr   .          Rampage  .   (no gloves)
Will    .....                   (no boots)
Stlth   +.........              (no amulet)
HPRegen 0.11/turn               (no ring)
MPRegen 0.10/turn               (no ring)

@: glowing
A: sense surroundings 1, otherworldly, glowing, explore regen
a: no special abilities


You were on level 2 of the Dungeon.
You visited 1 branch of the dungeon, and saw 2 of its levels.

You collected 44 gold pieces.

Inventory:

Hand Weapons
 a - a +0 dagger (weapon)
Armour
 c - a +0 robe (worn)
Scrolls
 g - 2 scrolls of identify {unknown}
 j - a scroll of noise {unknown}
 k - a scroll of summoning {unknown}
 l - a scroll of vulnerability {unknown}
 m - a scroll of immolation {unknown}
 n - a scroll of fear {unknown}
 o - a scroll of poison {unknown}
Potions
 b - a potion of heal wounds
 e - 3 potions of curing {unknown}
 f - 2 potions of magic {unknown}
 h - a potion of ambrosia {unknown}
 i - a potion of resistance {unknown}
Miscellaneous
 d - a piece from Xom's chessboard (15/15) (quivered)


   Skills:
 + Level 0.1 Fighting
 + Level 1.2 Short Blades
 + Level 1.7 Dodging
 + Level 1.6 Stealth
 + Level 1.6 Spellcasting
 + Level 1.2 Hexes
 + Level 5.6 Transmutations
 + Level 1.2 Evocations


You had 5 spell levels left.
You knew the following spells:

 Your Spells              Type           Power      Damage    Failure   Level
a - Beastly Appendage     Tmut           32%        N/A       2%          1

Your spell library contained the following spells:

 Spells                   Type           Power      Damage    Failure   Level
 Sting                    Tmut/Pois      36%        1d4       8%          1
 Slow                     Hex            16%        N/A       16%         1
 Tukima's Dance           Hex            4%         N/A       41%         3
 Ice Form                 Ice/Tmut       9%         N/A       61%         4


Dungeon Overview and Level Annotations

Branches:
Dungeon (2/15) Zot: 596

Altars:


Innate Abilities, Weirdness & Mutations

You passively map a small area around you.
You are easily found by Zot.
You glow in the dark.
You regain HP and MP as you explore.


Message History

The gnoll is almost dead.
A bat comes into view.
You barely miss the gnoll. Your kick misses the gnoll. You headbutt the gnoll.
You kill the gnoll!
You have reached level 4!
You hit the gnoll. You claw the gnoll, but do no damage.
The gnoll is moderately wounded.
The gnoll hits you with a +0 club.
* * * LOW HITPOINT WARNING * * *
You hit the gnoll but do no damage. Your kick misses the gnoll.
The gnoll is moderately wounded.
The gnoll misses you.
You hit the gnoll but do no damage. Your kick misses the gnoll.
The gnoll is moderately wounded.
The gnoll closely misses you.
You hit the gnoll. Your kick misses the gnoll.
The gnoll is moderately wounded.
The gnoll hits you with a +0 club.
* * * LOW HITPOINT WARNING * * *
You closely miss the gnoll. You claw the gnoll.
The gnoll is heavily wounded.
The gnoll barely misses you.
You hit the gnoll but do no damage. Your kick misses the gnoll.
The gnoll is heavily wounded.
The gnoll hits you with a +0 club.
* * * LOW HITPOINT WARNING * * *
You hit the gnoll.
You headbutt the gnoll, but do no damage.
The gnoll is severely wounded.
The gnoll barely misses you.
You barely miss the gnoll.
You headbutt the gnoll, but do no damage.
The gnoll is severely wounded.
Your horns disappear.
Your talons disappear.
The gnoll hits you with a +0 club.
* * * LOW HITPOINT WARNING * * *
You hit the gnoll.
The gnoll is almost dead.
The gnoll hits you with a +0 club.
You die...

, ,* , , * , , , *
### , , ,,, , ,###
..# , ,### * , ..#
#.# , .., ,..,, **
#.# #.. ....##J #.#
#.. .....bg####
#.####.. * ,, ##@..##
#.......
,##.....######..#....
#......>##..........
#............###....
#.........#### #....
* ##.....#### #....
#.......# #....
#.......# #....
#.......# #####


You could see a gnoll, an endoplasm and a bat.

Vanquished Creatures
  A gnoll (D:2)
  A worm (D:2)
  2 ball pythons
  5 endoplasms
  A giant cockroach (D:1)
  A goblin (D:2)
  3 hobgoblins (D:1)
  6 jackals (D:1)
  A quokka (D:1)
  5 frilled lizards
  A rat (D:1)
27 creatures vanquished.

Notes
Turn   | Place    | Note
-------+----------+-------------------------------------------
     0 | D:1      | Tiocfaidh the Meteoran Wanderer began the quest for the
                  | Orb.
     0 | D:1      | Tiocfaidh set off with the following items: a +0 dagger, a
                  | potion of heal wounds, a +0 robe, a piece from Xom's
                  | chessboard (15/15); and the following spells available to
                  | memorise: Beastly Appendage, Sting, Slow, Tukima's Dance,
                  | Ice Form.
     0 | D:1      | Reached XP level 1. HP: 14/14 MP: 3/3
    16 | D:1      | Learned a level 1 spell: Beastly Appendage
    55 | D:1      | Found a faded altar of an unknown god.
    60 | D:1      | Reached XP level 2. HP: 20/20 MP: 5/5
    64 | D:1      | Reached skill level 5 in Transmutations
   334 | D:1      | Reached XP level 3. HP: 26/26 MP: 4/6
   460 | D:1      | Reached skill level 1 in Short Blades
   499 | D:1      | Glimpsed the power of Zot.
   596 | D:2      | Reached XP level 4. HP: 13/33 MP: 7/7
   603 | D:2      | HP: 1/33 [gnoll/+0 club (4)]
   604 | D:2      | Slain by a gnoll

Illustrated notes

Levels and vault maps discovered:
D:1:      beargit_arrival_greenhouse, layout_basic,
          hellmonk_ecumenical_altar_pennies_from_heaven
D:2:      layout_rooms, minmay_pentomino_v2

Skill      XL: |  1  2  3 |
---------------+----------+-----
Transmutations | 5 |  5.6
Short Blades   | 1 |  1.2
Fighting       | |  0.1
Dodging        | |  1.7
Stealth        | |  1.6
Spellcasting   | |  1.6
Hexes          | |  1.2
Evocations     | |  1.2

Action                   |  1- 3 |  4- 6 || total
-------------------------+-------+-------++-------
Melee: Dagger            |    97 |     9 ||   106
       Kick              |    20 |     2 ||    22
       Headbutt          |    16 |     2 ||    18
 Cast: Beastly Appendage |    10 |       ||    10
 Stab: Sleeping          |     1 |       ||     1
Armor: Robe              |    15 |       ||    15
Dodge: Dodged            |    36 |     4 ||    40
